 Dungeon Crawl Stone Soup version 0.24.0-1-gfbc8707 (webtiles) character file.

Game seed: 17437011605315738372, levelgen mode: deterministic

10511 Exaltedone87 the Carver (level 11, -7/86 HPs)
             Began as a Demonspawn Gladiator on Nov 1, 2019.
             Killed from afar by an acid dragon (14 damage)
             ... with a splash of acid
             ... on level 11 of the Dungeon.
             The game lasted 00:23:10 (10756 turns).

Exaltedone87 the Carver (Demonspawn Gladiator)     Turns: 10756, Time: 00:23:11

Health: -7/86      AC: 15    Str: 15    XL:     11   Next: 37%
Magic:  11/11      EV: 12    Int: 17    God:
Gold:   709        SH:  5    Dex: 16    Spells: 10/10 levels left

rFire    . . .     SeeInvis .   a - +4 long sword (elec)
rCold    . . .     Gourm    .   y - +0 buckler
rNeg     . . .     Faith    .   c - +1 scale mail
rPois    .         Spirit   .   (helmet restricted)
rElec    .         Reflect  +   (no cloak)
rCorr    .         Harm     .   (no gloves)
MR       .....                  k - +0 pair of boots
Stlth    ..........             j - +2 amulet of reflection
HPRegen  0.24/turn              h - +6 ring of intelligence
MPRegen  0.12/turn              (no ring)

@: corroded, sanguine armour
A: claws 1, horns 2, blink, powered by pain 2, spiny 2, sanguine armour 2
a: Blink


You were on level 11 of the Dungeon.
You were not hungry.

You visited 1 branch of the dungeon, and saw 11 of its levels.

You collected 709 gold pieces.

Inventory:

Hand Weapons
 a - a +4 long sword of electrocution (weapon)
Missiles
 d - 5 throwing nets
 g - 4 boomerangs (quivered)
 s - 6 javelins
 u - 9 poisoned darts
Armour
 c - a +1 scale mail (worn)
 k - a +0 pair of boots (worn)
 y - a +0 buckler (worn)
Jewellery
 h - a +6 ring of intelligence (left claw)
 j - a +2 amulet of reflection (around neck)
 q - an uncursed ring of flight
Wands
 r - a wand of flame (41)
 v - a wand of disintegration (5)
Scrolls
 b - a scroll of teleportation
 i - a scroll of amnesia
 l - 6 scrolls of remove curse
 m - 3 scrolls of identify
 n - a scroll of fog
 t - a scroll of blinking
 w - 2 scrolls of magic mapping
Potions
 e - 2 potions of magic
 o - 3 potions of curing
 p - 2 potions of resistance
 x - a potion of ambrosia
 z - a potion of brilliance
Comestibles
 f - 18 rations


   Skills:
 + Level 8.1 Fighting
 * Level 10.5 Long Blades
 + Level 6.1 Throwing
 + Level 7.0 Armour
 - Level 6.5 Dodging


You had 10 spell levels left.
You didn't know any spells.
Your spell library contained the following spells:

 Spells                   Type           Power        Failure   Level  Hunger
 Animate Skeleton         Necr           N/A          78%         1    ##.....
 Apportation              Tloc           #.....       78%         1    ##.....
 Confusing Touch          Hex            #.....       78%         1    ##.....
 Flame Tongue             Conj/Fire      #....        78%         1    ##.....
 Infusion                 Chrm           #...         78%         1    ##.....
 Summon Small Mammal      Summ           #...         78%         1    ##.....
 Call Imp                 Summ           #.......     89%         2    ###....
 Shroud of Golubria       Chrm/Tloc      #.....       89%         2    ###....
 Song of Slaying          Chrm           #.......     89%         2    ###....
 Throw Flame              Conj/Fire      #.....       89%         2    ###....
 Call Canine Familiar     Summ           #.......     98%         3    ####...
 Conjure Flame            Conj/Fire      #.......     98%         3    ####...
 Inner Flame              Hex/Fire       #.......     98%         3    ####...
 Regeneration             Chrm/Necr      #.........   98%         3    ####...
 Spectral Weapon          Hex/Chrm       #.......     98%         3    ####...
 Summon Guardian Golem    Hex/Summ       #.......     98%         3    ####...
 Sticky Flame             Conj/Fire      #.......     100%        4    #####..
 Summon Ice Beast         Ice/Summ       #.......     100%        4    #####..
 Summon Lightning Spire   Summ/Air       #.......     100%        4    #####..
 Fireball                 Conj/Fire      #.........   100%        5    ######.


Dungeon Overview and Level Annotations

Branches:
Dungeon (11/15)            Temple (0/1) D:6
   Lair: D:8-11         Orc: D:9-12

Altars:
Ashenzari
Nemelex Xobeh
Xom
Yredelemnul
The Shining One

Shops:
D:4 }


Innate Abilities, Weirdness & Mutations

You have a pair of horns on your head.
You sometimes gain power by taking damage.
You are mostly covered in sharp spines.
When seriously injured, your bleeding wounds create thick armour. (AC +9)
You have sharp fingernails.
You can translocate small distances at will.


Message History

The acid dragon is severely wounded.
The acid dragon bites you!
The acid dragon claws you but does no damage.
The brown ugly thing is struck by your spines.
The brown ugly thing closely misses you.
You riposte.
You hit the brown ugly thing.
Your headbutt misses the brown ugly thing.
The brown ugly thing is severely wounded.
You barely miss the acid dragon.
The acid dragon is heavily wounded.
The acid dragon spits acid at you. The splash of acid hits you!
* * * LOW HITPOINT WARNING * * *
The acid corrodes you!
You are splashed with acid!
* * * LOW HITPOINT WARNING * * *
The brown ugly thing gores you but does no damage.
You blink.
You feel slightly more hungry. The acid dragon spits acid at you.
The splash of acid hits you!
You die...

#......#.[[[<...........
.#....##......##....##.
.....[......§D##...##
..#........†u..#...#
..###.###.........## ###
.##....###.........###.##### ##
....t...##.............#...####..
..................#.........#.#..
.###..........÷.@.#.#.......#(#..
.....#...##..[.....###.......).).
>....##...#........##......D.))).
...Y..#...#.###>#####............
.........##.##...## ##...)..#.#..
............###...####......###..
#.(...Y....# #....#.#.......# ..
..........####......#..#.#.#.#.#.
..........###..####..............


You could see a brown ugly thing and an acid dragon.

Vanquished Creatures
  A two-headed ogre (D:8)
  Pikel (D:4)
  A cyclops (D:11)
  A hornet (D:10)
  A troll (D:11)
  Prince Ribbit (D:7)
  2 hippogriffs
  20 yaks
  A hungry ghost (D:8)
  8 orc warriors
  3 porcupines (D:11)
  A hornet zombie (D:6)
  A phantom (D:11)
  4 sky beasts
  A slave (D:4)
  A necrophage (D:6)
  4 ogres
  3 crocodiles (D:11)
  4 centaurs
  A big kobold (D:9)
  3 bullfrogs
  A water moccasin zombie (D:11)
  A wyvern skeleton (D:11)
  A scorpion (D:8)
  4 killer bees (D:10)
  2 electric eels (D:9)
  3 crimson imps
  A gnoll shaman (D:8)
  3 hounds
  4 bullfrog skeletons
  14 orc priests
  2 jellies
  13 orc wizards
  Jessica (D:3)
  2 centaur skeletons
  3 iguanas
  6 worker ants
  A hound zombie (D:5)
  A hound skeleton (D:7)
  3 worker ant zombies
  6 gnolls
  8 adders
  3 shadow imps
  An ooze (D:5)
  4 worms
  A dart slug (D:3)
  6 leopard geckos
  54 orcs
  A bat (D:2)
  13 giant cockroaches
  4 goblins
  4 hobgoblins
  9 jackals
  6 quokkas
  3 ball pythons
  A ball python skeleton (D:5)
  4 frilled lizards (D:2)
  A jackal skeleton (D:5)
  5 kobolds
  A leopard gecko zombie (D:6)
  2 quokka skeletons
  7 rats
273 creatures vanquished.

Vanquished Creatures (others)
  A slave (D:4)
  An orc wizard (D:4)
  An orc (D:4)
  A quokka (D:4)
  A bush (D:11)
  2 fungi (D:11)
  5 plants (D:11)
12 creatures vanquished.

Grand Total: 285 creatures vanquished

Notes
Turn   | Place    | Note
-------+----------+-------------------------------------------
     0 | D:1      | Exaltedone87 the Demonspawn Gladiator began the quest for
                  | the Orb.
     0 | D:1      | Reached XP level 1. HP: 16/16 MP: 1/1
   863 | D:2      | Gained mutation: You have a pair of small horns on your
                  | head. [demonic ancestry]
   863 | D:2      | Reached XP level 2. HP: 15/22 MP: 2/2
  1027 | D:2      | Reached skill level 3 in Long Blades
  1032 | D:2      | Found a shattered altar of Ashenzari.
  1245 | D:2      | Gained mutation: When seriously injured, your bleeding
                  | wounds create armour. (AC +9) [demonic ancestry]
  1245 | D:2      | Reached XP level 3. HP: 21/28 MP: 3/3
  1458 | D:2      | Reached skill level 1 in Armour
  1934 | D:3      | Found a sparkling altar of Nemelex Xobeh.
  2092 | D:3      | Gained mutation: You are partially covered in sharp spines.
                  | [demonic ancestry]
  2092 | D:3      | Reached XP level 4. HP: 14/34 MP: 4/4
  2630 | D:3      | Gained mutation: You sometimes gain a little power by
                  | taking damage. [demonic ancestry]
  2630 | D:3      | Reached XP level 5. HP: 30/40 MP: 5/5
  2668 | D:3      | Noticed Jessica
  2673 | D:3      | Killed Jessica
  2673 | D:3      | Reached skill level 4 in Long Blades
  2882 | D:3      | Gained mutation: You can translocate small distances at
                  | will. [potion of mutation]
  2882 | D:3      | Gained mutation: You have sharp fingernails. [potion of
                  | mutation]
  3013 | D:4      | Noticed Pikel
  3013 | D:4      | Noticed a slave
  3013 | D:4      | Noticed a slave
  3013 | D:4      | Noticed a slave
  3013 | D:4      | Noticed a slave
  3023 | D:4      | Killed a slave
  3038 | D:4      | Killed Pikel
  3038 | D:4      | Reached skill level 5 in Long Blades
  3038 | D:4      | Gained mutation: You sometimes gain power by taking damage.
                  | [demonic ancestry]
  3038 | D:4      | Reached XP level 6. HP: 22/48 MP: 6/6
  3038 | D:4      | Reached XP level 7. HP: 24/53 MP: 7/7
  3328 | D:4      | HP: 1/54 [orc priest/divine providence (13)]
  3957 | D:4      | Found Ogem Qoa's Gadget Shoppe.
  4170 | D:5      | Entered Level 5 of the Dungeon
  4256 | D:5      | Reached skill level 6 in Long Blades
  4282 | D:5      | Reached XP level 8. HP: 60/61 MP: 8/8
  4842 | D:6      | You fall into a shaft and drop 1 floor!
  4855 | D:7      | Found a sparkling altar of Nemelex Xobeh.
  4895 | D:6      | Noticed Prince Ribbit
  4916 | D:7      | Reached skill level 5 in Fighting
  4916 | D:7      | Reached skill level 5 in Dodging
  4921 | D:7      | Killed Prince Ribbit
  5322 | D:6      | Reached skill level 7 in Long Blades
  5339 | D:6      | Found a staircase to the Ecumenical Temple.
  5423 | D:6      | Gained mutation: You are mostly covered in sharp spines.
                  | [demonic ancestry]
  5423 | D:6      | Reached XP level 9. HP: 41/68 MP: 9/9
  6263 | D:7      | Found a shimmering altar of Xom.
  6770 | D:8      | Reached skill level 5 in Armour
  6815 | D:8      | Reached skill level 8 in Long Blades
  7283 | D:8      | Noticed a two-headed ogre
  7287 | D:8      | Killed a two-headed ogre
  7287 | D:8      | Gained mutation: When seriously injured, your bleeding
                  | wounds create thick armour. (AC +9) [demonic ancestry]
  7287 | D:8      | Reached XP level 10. HP: 46/77 MP: 10/10
  7511 | D:8      | Found a glowing golden altar of the Shining One.
  8348 | D:9      | Reached skill level 9 in Long Blades
  8622 | D:9      | Found a basalt altar of Yredelemnul.
  9030 | D:10     | Entered Level 10 of the Dungeon
  9404 | D:10     | Reached skill level 5 in Throwing
  9819 | D:10     | Gained mutation: You have a pair of horns on your head.
                  | [demonic ancestry]
  9819 | D:10     | Reached XP level 11. HP: 41/84 MP: 11/11
  9822 | D:10     | Reached skill level 10 in Long Blades
 10744 | D:11     | Noticed a brown ugly thing
 10756 | D:11     | Killed from afar by an acid dragon

Levels and vault maps discovered:
D:1:      lightli_arrival_quake, layout_basic
D:2:      minmay_diamond_boxcup, layout_basic, nicolae_ashenzari_panopticon
D:3:      minmay_roachtagon, layout_loops_corners, nemelex_spade_bored_becter,
          uniq_jessica
D:4:      layout_basic, serial_shops, kennysheep_mini_moat, minivault_4,
          minmay_quadrilaterals, uniq_pikel
D:5:      layout_cave_pools, first_ration
D:6:      layout_rooms, minmay_temple_entry_antechambers,
          kennysheep_generic_room_15, uniq_prince_ribbit1
D:7:      layout_loops_corners, lemuel_doored_altar,
          nicolae_overflow_hidden_temple
D:8:      layout_rooms, kennysheep_mini
D:9:      layout_stronghold, gammafunk_temple_overflow_statue,
          old_standard_altar, blue_anna_alchemist [blue_anna_fruit_fields,
          blue_anna_fruit_fields], serial_bayou_lake_a
D:10:     layout_loops_ring
D:11:     layout_cave_pools, minmay_lair_entry_grove, basic_altar, st_stairs_13

Skill      XL: |  1  2  3  4  5  6  7  8  9 10 11 |
---------------+----------------------------------+-----
Long Blades    | 3 5 6 7 8 9 10 | 10.5
Armour         | 1 2 3 4 5 6 7 |  7.0
Dodging        | 3 4 5 6 |  6.5
Fighting       | 3 4 5 6 7 8 |  8.1
Throwing       | 3 4 5 6 |  6.1

Action                   |  1- 3 |  4- 6 |  7- 9 | 10-12 || total
-------------------------+-------+-------+-------+-------++-------
Melee: Long sword        |   103 |    60 |   264 |   230 ||   657
       Headbutt          |    23 |    12 |    64 |    59 ||   158
Throw: Boomerang         |       |       |    68 |       ||    68
 Abil: Blink             |       |       |       |     4 ||     4
  Use: Scroll            |     2 |     4 |    14 |     6 ||    26
       Potion            |     5 |     4 |     2 |     3 ||    14
 Stab: Sleeping          |     4 |     1 |     1 |       ||     6
  Eat: Chunk             |     2 |     1 |     4 |     1 ||     8
       Ration            |     1 |       |     4 |     3 ||     8
Armor: Leather armour    |    11 |     9 |     9 |       ||    29
       Scale mail        |       |       |    70 |    84 ||   154
       Ring mail         |       |       |     7 |       ||     7
Dodge: Dodged            |    65 |    43 |   155 |   105 ||   368
Block: Other             |       |       |    19 |    10 ||    29
       Buckler           |       |       |       |    24 ||    24
       Rpst.: Long sword |    23 |    16 |    40 |    32 ||   111
